 Dungeon Crawl Stone Soup version 0.32-a0-961-gd60f5e5fc7 (webtiles) character file.

Game seed: 297429913382101534

7 Nietzsche the Chopper (level 1, 0/16 HPs)
             Began as a Demonspawn Gladiator on Apr 17, 2024.
             Slain by a kobold
             ... wielding a +0 short sword
              (4 damage)
             ... on level 1 of the Dungeon.
             The game lasted 00:00:25 (249 turns).

Nietzsche the Chopper (Demonspawn Gladiator)         Turns: 249, Time: 00:00:25

Health: 0/16       AC:  4    Str: 14    XL:     1   Next: 91%
Magic:  1/1        EV: 11    Int:  8    God:
Gold:   21         SH:  0    Dex: 14    Spells: 0/0 levels left

rFire   . . .        a - +0 war axe
rCold   . . .        (no shield)
rNeg    . . .        b - +0 leather armour
rPois   .            c - +0 helmet
rElec   .            (no cloak)
rCorr   .            (no gloves)
SInv    .            (no boots)
Will    .....        (no amulet)
Stlth   +            (no ring)
HPRegen 0.22/turn    (no ring)
MPRegen 0.07/turn

%: no passive effects
@: no status effects
A: no striking features
a: no special abilities


You were on level 1 of the Dungeon.
You visited 1 branch of the dungeon, and saw 1 of its levels.

You collected 21 gold pieces.

Inventory:

Hand Weapons
 a - a +0 war axe (weapon)
Missiles
 d - 3 throwing nets (quivered)
 e - a javelin
Armour
 b - a +0 leather armour (worn)
 c - a +0 helmet (worn)
Scrolls
 f - a scroll of teleportation {unknown}
Potions
 g - a potion of mutation {unknown}
 h - a potion of heal wounds {unknown}
 i - a potion of curing {unknown}


   Skills:
 + Level 2.1 Fighting
 + Level 3.0 Axes
 + Level 1.8 Throwing
 + Level 2.8 Dodging


You couldn't memorise any spells.
You didn't know any spells.
Your spell library was empty.

Dungeon Overview and Level Annotations

Branches:
Dungeon (1/15)

Altars:


Message History

You hit the frilled lizard but do no damage.
The frilled lizard is heavily wounded.
The frilled lizard bites you but does no damage.
You barely miss the frilled lizard.
The frilled lizard is heavily wounded.
The frilled lizard bites you but does no damage.
You hit the frilled lizard.
You kill the frilled lizard!
No target in view!
No target in view!
No target in view!
A kobold comes into view. It is wielding a +0 short sword.
A bat and a goblin come into view.
The kobold shouts!
The goblin shouts!
A rat comes into view.
The rat squeaks loudly.
The bat closely misses you. The goblin barely misses you.
You closely miss the goblin. You slash the bat!
You kill the bat!
The goblin hits you with a +0 club.
You hit the goblin.
The goblin is heavily wounded.
The goblin barely misses you.
You barely miss the goblin.
The goblin is heavily wounded.
The goblin barely misses you. The goblin hits you with a +0 club.
The rat misses you.
You barely miss the goblin.
The goblin is heavily wounded.
You hit the rat.
You kill the rat!
You hit the kobold but do no damage. The goblin barely misses you.
The kobold hits you with a +0 short sword.
Your Axes skill increases to level 3!
You barely miss the goblin.
The goblin is heavily wounded.
You barely miss the kobold. The goblin hits you with a +0 club.
* * * LOW HITPOINT WARNING * * *
The kobold hits you with a +0 short sword.
You die...

######.##.# .....#.##.##
...# ##...#.##..# #.....#
#.###.###.# .....#
##.##.##.## .....######
##.....## .......)..
##...## #.........
####.....## #.###.........
..#.##.##.###..g@K........
#..###.###.######.........
.....#.#..................
######†#..#######.........
#...## #......... #####
##########


You could see a goblin and a kobold.

Vanquished Creatures
  3 bats (D:1)
  A giant cockroach (D:1)
  A frilled lizard (D:1)
  3 rats (D:1)
8 creatures vanquished.

Notes
Turn   | Place    | Note
-------+----------+-------------------------------------------
     0 | D:1      | Nietzsche the Demonspawn Gladiator began the quest for the
                  | Orb.
     0 | D:1      | Reached XP level 1. HP: 16/16 MP: 1/1
   249 | D:1      | Reached skill level 3 in Axes
   249 | D:1      | Slain by a kobold

Illustrated notes

Levels and vault maps discovered:
D:1:      scummos_arrival_simple_fountains, layout_basic,
          amcnicky_mini_pool_small, hex_intersection

Skill      XL: |  1 |
---------------+----+-----
Axes           | 3 |  3.0
Fighting       | |  2.1
Throwing       | |  1.8
Dodging        | |  2.8

Action                     || total
---------------------------++-------
  Melee: War axe           ||    19
 Armour: Leather armour    ||    16
  Dodge: Dodged            ||    11

Table legend: (Time is in decaauts)
 A = Elapsed time spent in this place.
 B = Non-inter-level travel time spent in this place.
 C = Inter-level travel time spent in this place.
 D = Time resting spent in this place.
 E = Time spent auto-exploring this place.
 F = Levels seen in this place.
 G = Mean time per level.
                   A        B        C        D        E       F      G
               +--------+--------+--------+--------+--------+-----+--------+
         Total |    255 |    255 |      0 |      0 |    189 |   1 |  255.0 |
       Dungeon |    255 |    255 |      0 |      0 |    189 |   1 |  255.0 |
               +--------+--------+--------+--------+--------+-----+--------+

Top non-repeatable levels by time:
     D:1: 255 daAuts
